 Dungeon Crawl Stone Soup version 0.29-a0-330-g52719c12eb (webtiles) character file.

Game seed: 17167198412162180146

52 MalarOregon the Skirmisher (level 3, -4/31 HPs)
             Began as a Palentonga Fighter on Apr 18, 2022.
             Slain by an iguana (10 damage)
             ... on level 2 of the Dungeon.
             The game lasted 00:02:37 (1431 turns).

MalarOregon the Skirmisher (Palentonga Fighter)     Turns: 1431, Time: 00:02:38

Health: -4/31      AC:  9    Str: 19    XL:     3   Next: 60%
Magic:  3/3        EV:  7    Int: 10    God:
Gold:   74         SH:  4    Dex:  9    Spells: 2/2 levels left

rFire   . . .      SeeInvis +   a - +0 flail {mace}
rCold   . . .      Faith    .   c - +0 buckler
rNeg    . . .      Spirit   .   b - +0 scale mail
rPois   .          Reflect  .   (no helmet)
rElec   .          Harm     .   p - +2 cloak
rCorr   .          Rampage  .   (no gloves)
Will    .....                   (no barding)
Stlth   ..........              (no amulet)
HPRegen 0.10/turn               (no ring)
MPRegen 0.08/turn               (no ring)

@: no status effects
A: large, rugged brown scales 3, see invisible, deformed body, roll 1, armoured
tail
a: Rolling Charge


You were on level 2 of the Dungeon.
You visited 1 branch of the dungeon, and saw 2 of its levels.

You collected 74 gold pieces.


Innate Abilities, Weirdness & Mutations

You are completely covered in rugged brown scales. (AC +3, +7% HP)
You have supernaturally acute eyesight. (SInv)
Armour fits poorly on your strangely shaped body.
You can roll at nearby foes to attack.
You have a long armoured tail.


   Skills:
 + Level 3.3 Fighting
 * Level 2.9 Maces & Flails
 + Level 2.8 Armour
 + Level 2.7 Shields


You had 2 spell levels left.
You didn't know any spells.
Your spell library was empty.

Inventory:

Hand Weapons
 a - a +0 flail (weapon) {mace}
Armour
 b - a +0 scale mail (worn)
 c - a +0 buckler (worn)
 p - a +2 cloak (worn)
   (You found it on level 1 of the Dungeon)
Scrolls
 f - 2 scrolls of vulnerability {unknown}
 g - a scroll of immolation {unknown}
 h - a scroll of blinking {unknown}
 j - a scroll of identify {unknown}
 k - a scroll of fear {unknown}
 l - a scroll of acquirement {unknown}
 m - a scroll of enchant armour {unknown}
 o - a scroll of holy word {unknown}
 s - 3 scrolls of torment {unknown}
Potions
 d - 3 potions of might
 e - 4 potions of curing {unknown}
 i - a potion of brilliance {unknown}
 n - a potion of resistance {unknown}
 q - a potion of ambrosia {unknown}
 r - a potion of cancellation {unknown}

Dungeon Overview and Level Annotations

Branches:
Dungeon (2/15)

Altars:

#.. # #.# .
#.# # #.#
#.# #.# #l#
#@# #.#
#.######
#......#.#
######.#.#
.# #.#.# ...
#.#.# #.#
########.#.#
#.#
.........#.#
#.# ###


You could see an iguana.


Message History

You roll forward with a clatter of scales!
You closely miss the hobgoblin. You tail-slap the hobgoblin.
You kill the hobgoblin! 😕 HP[+1]
You now have 67 gold pieces (gained 6).
Items here: ))) †. 😎 HP[+1]
Your hp is fully restored (31).
You now have 74 gold pieces (gained 7).
n - a brown potion
Found a stone staircase leading down and a stone staircase leading up.
q - a glowing emerald potion A hobgoblin comes into view.
The hobgoblin shouts!
There's nothing you can charge at!
Roll where?
Press: ? - help, Dir - move target, f - hobgoblin
Aim: a hobgoblin You roll forward with a clatter of scales!
You hit the hobgoblin but do no damage. The hobgoblin barely misses you. x2
You hit the hobgoblin but do no damage. The hobgoblin barely misses you.
You closely miss the hobgoblin. You tail-slap the hobgoblin.
You block the hobgoblin's attack.
You hit the hobgoblin.
You kill the hobgoblin!
No target in view!
r - an orange potion You open the door.
There is an open door here.
There is an open door here.
Key pressed, stopping explore.
Found a stone staircase leading down.
There is a stone staircase leading down here.
e - 4 bubbling cyan potions (gained 1)
d - 3 potions of might (gained 2)
You see here a +0 spear {polearm}.
Key pressed, stopping explore.
s - 3 scrolls labelled YBAECYSA PING A giant cockroach and a hobgoblin come into view.
The hobgoblin shouts!
There are monsters nearby!
You sock the giant cockroach!
You kill the giant cockroach!
A hobgoblin is nearby!
Roll where?
Press: ? - help, Dir - move target, f - hobgoblin
Aim: a hobgoblin You roll forward with a clatter of scales!
You sock the hobgoblin!
You kill the hobgoblin!
No target in view!
You open the door.
A worm comes into view.
There is an open door here.
Roll where?
Press: ? - help, Dir - move target, f - worm
Aim: a worm You roll forward with a clatter of scales!
You bludgeon the worm!!
You kill the worm!
You see here a worm corpse.
You open the door.
There is an open door here.
Things that are here:
a +0 dagger {short}; a +0 hunting sling {sling}; a +0 whip {mace} A worm and an iguana come into view.
The iguana hisses angrily.
Roll where?
Press: ? - help, Dir - move target, f - worm
Aim: a worm You roll forward with a clatter of scales!
You sock the worm! The worm bites you but does no damage.
You hit the worm.
You kill the worm!
You hit the iguana. The iguana bites you! 😮 HP[-9]
You take 9 damage, and now have 22/31 hp.
MASSIVE DAMAGE!! (PAUSE)
You hit the iguana but do no damage. The iguana bites you. 😮 HP[-3]
You take 3 damage, and now have 19/31 hp.
You thump the iguana!
The iguana hisses menacingly.
The iguana bites you but does no damage.
You hit the iguana. The iguana bites you.
The iguana barely misses you. 😮 HP[-3]
You take 3 damage, and now have 16/31 hp.
You closely miss the iguana. The iguana bites you.
* * * LOW HITPOINT WARNING * * *
😨 HP[-1]
You take 1 damage, and now have 15/31 hp.
Unknown command.
You closely miss the iguana. The iguana bites you!
* * * LOW HITPOINT WARNING * * *
😱 HP[-9]
You take 9 damage, and now have 6/31 hp.
MASSIVE DAMAGE!! (PAUSE)
You barely miss the iguana. The iguana bites you!
You die...

Action                   || total
-------------------------++-------
Melee: Flail             ||    85
       Tailslap          ||     4
 Abil: Rolling Charge    ||    15
Armor: Scale mail        ||    53
Dodge: Dodged            ||    21
Block: Buckler           ||    14

Levels and vault maps discovered:
D:1:      dpeg_arrival_oval, layout_basic, chequers_ecumenical_altar_grove
D:2:      layout_basic

Notes
Turn   | Place    | Note
-------+----------+-------------------------------------------
     0 | D:1      | MalarOregon the Palentonga Fighter began the quest for the
                  | Orb.
     0 | D:1      | Reached XP level 1. HP: 19/19 MP: 1/1
     0 | D:1      | magus.rc [v1.9.6]
   264 | D:1      | Reached XP level 2. HP: 21/25 MP: 2/2
   771 | D:1      | Found a faded altar of an unknown god.
   920 | D:2      | Reached XP level 3. HP: 31/31 MP: 3/3
  1430 | D:2      | HP: 6/31 [iguana (9)]
  1431 | D:2      | Slain by an iguana

Vanquished Creatures
  An adder (D:2)
  2 worms (D:2)
  A dart slug (D:1)
  4 ball pythons
  3 bats (D:1)
  4 endoplasms (D:1)
  A giant cockroach (D:2)
  2 goblins
  6 hobgoblins
  2 jackals (D:1)
  A kobold (D:2)
  A quokka (D:1)
  2 frilled lizards (D:1)
30 creatures vanquished.

Table legend:
 A = Non-vault XP
 B = Vault XP
 C = Vault XP percentage of total XP
 D = Non-vault monster count
 E = Vault monster count
 F = Vault count percentage of total count
                 A         B        C        D         E       F
            +---------+---------+-------+---------+---------+-------
      Total |      75 |       0 |   0.0 |      30 |       0 |   0.0
            +---------+---------+-------+---------+---------+-------
        D:1 |      38 |       0 |   0.0 |      20 |       0 |   0.0
        D:2 |      37 |       0 |   0.0 |      10 |       0 |   0.0
            +---------+---------+-------+---------+---------+-------

Illustrated notes

Table legend:
 A = Kills in this place as a percentage of kills in entire the game.
 B = Kills by you in this place as a percentage of kills by you in the entire game.
 C = Kills by friends in this place as a percentage of kills by friends in the entire game.
 D = Other kills in this place as a percentage of other kills in the entire game.
 E = Experience gained in this place as a percentage of experience gained in the entire game.
 F = Experience gained in this place divided by the number of levels of this place that you have seen.
                   A       B       C       D       E      F
               +-------+-------+-------+-------+-------+----------------------
         Total | 100.0 | 100.0 |   N/A |   N/A | 100.0 |  37.5
       Dungeon | 100.0 | 100.0 |   N/A |   N/A | 100.0 |  37.5
               +-------+-------+-------+-------+-------+----------------------

Table legend: (Time is in decaauts)
 A = Elapsed time spent in this place.
 B = Non-inter-level travel time spent in this place.
 C = Inter-level travel time spent in this place.
 D = Time resting spent in this place.
 E = Time spent auto-exploring this place.
 F = Levels seen in this place.
 G = Mean time per level.
                   A        B        C        D        E       F      G
               +--------+--------+--------+--------+--------+-----+--------+
         Total |   1455 |   1416 |     39 |    254 |    969 |   2 |  727.5 |
       Dungeon |   1455 |   1416 |     39 |    254 |    969 |   2 |  727.5 |
               +--------+--------+--------+--------+--------+-----+--------+

Top non-repeatable levels by time:
     D:1: 916 daAuts
     D:2: 538 daAuts
